 Dungeon Crawl Stone Soup version 0.28-a0-1130-gc51a68064b (webtiles) character file.

Game seed: 4623407838126975759

72 theanonym the Cudgeller (level 4, 0/39 HPs)
             Began as a Palentonga Cinder Acolyte on Dec 12, 2021.
             Was a High Priest of Ignis.
             Slain by an adder (4 damage)
             ... on level 3 of the Dungeon.
             The game lasted 00:03:56 (2682 turns).

theanonym the Cudgeller (Palentonga Cinder Acolyte) Turns: 2682, Time: 00:03:57

Health: 0/39       AC:  6    Str: 20    XL:     4   Next: 6%
Magic:  5/5        EV:  7    Int: 14    God:    Ignis [*****.]
Gold:   120        SH:  0    Dex:  5    Spells: 5/5 levels left

rFire   + . .      SeeInvis +   e - +0 whip (vamp)
rCold   . . .      Faith    .   (no shield)
rNeg    . . .      Spirit   .   f - +0 scale mail
rPois   .          Reflect  .   (no helmet)
rElec   .          Harm     .   (no cloak)
rCorr   .          Rampage  .   (no gloves)
Will    .....                   (no barding)
Stlth   ..........              (no amulet)
HPRegen 0.13/turn               (no ring)
MPRegen 0.09/turn               (no ring)

@: mighty, lethally poisoned (0 -> -4)
A: large, rugged brown scales 3, see invisible, deformed body, roll 1, armoured
tail
a: Rolling Charge, Renounce Religion, Fiery Armour, Foxfire Swarm, Rising Flame


Innate Abilities, Weirdness & Mutations

You are completely covered in rugged brown scales. (AC +3, +7% HP)
You have supernaturally acute eyesight. (SInv)
Armour fits poorly on your strangely shaped body.
You can roll at nearby foes to attack.
You have a long armoured tail.


   Skills:
 + Level 3.7 Fighting
 * Level 4.4 Maces & Flails
 - Level 1.0 Spellcasting
 - Level 2.4 Fire Magic


You had 5 spell levels left.
You didn't know any spells.
Your spell library contained the following spells:

 Spells                   Type           Power      Damage    Failure   Level
 Scorch                   Fire           14%        2d5       41%         2
 Sublimation of Blood     Necr           0%         N/A       75%         2
 Petrify                  Tmut/Erth      0%         N/A       100%        4
 Irradiate                Conj/Tmut      0%         3d14      100%        5

Skill      XL: |  1  2  3 |
---------------+----------+-----
Maces & Flails | 4 |  4.4
Fighting       | |  3.7
Spellcasting   | |  1.0
Fire Magic     | |  2.4

Action                   |  1- 3 |  4- 6 || total
-------------------------+-------+-------++-------
Melee: Mace              |    54 |       ||    54
       Whip              |   132 |     7 ||   139
       Tailslap          |    11 |       ||    11
 Abil: Rolling Charge    |       |     1 ||     1
  Use: Scroll            |     1 |       ||     1
       Potion            |       |     1 ||     1
Armor: Robe              |    15 |       ||    15
       Scale mail        |   101 |     4 ||   105
Dodge: Dodged            |    93 |     2 ||    95

Inventory:

Hand Weapons
 e - a +0 vampiric whip (weapon)
Armour
 f - a +0 scale mail (worn)
Scrolls
 d - 3 scrolls of identify {unknown}
 t - 3 scrolls of teleportation
Potions
 a - a potion of haste {unknown}


You were on level 3 of the Dungeon.
You worshipped Ignis.
Ignis was extremely pleased with you.
You visited 1 branch of the dungeon, and saw 3 of its levels.

You collected 120 gold pieces.

Dungeon Overview and Level Annotations

Branches:
Dungeon (3/15)

Altars:

Annotations:
D:1 dig

########........#
................#
########........#
# #.......... ..
##......... #..#
##..###..###
.l...## #..## ..#
##.....##.##..##..
#.....†.@S......^
..>..###.##......
... #.# ...... .
.B. ##... #.##. .#
.. .# . ..# . #.
..


You could see an adder, a giant cockroach and a frilled lizard.

Notes
Turn   | Place    | Note
-------+----------+-------------------------------------------
     0 | D:1      | theanonym the Palentonga Cinder Acolyte began the quest for
                  | the Orb.
     0 | D:1      | Reached XP level 1. HP: 19/19 MP: 2/2
    83 | D:1      | HP: 8/19 [kobold (4)]
   365 | D:1      | HP: 9/19 [quokka (4)]
   369 | D:1      | HP: 4/19 [quokka (1)]
   369 | D:1      | HP: 1/19 [quokka (3)]
  1070 | D:1      | Reached XP level 2. HP: 15/25 MP: 3/3
  1973 | D:2      | HP: 12/25 [poisoned by an adder]
  1974 | D:2      | Reached XP level 3. HP: 15/31 MP: 4/4
  2079 | D:2      | HP: 13/31 [worm (8)]
  2086 | D:2      | Reached skill level 4 in Maces & Flails
  2086 | D:2      | HP: 10/31 [worm (4)]
  2424 | D:2      | Found a faded altar of an unknown god.
  2672 | D:3      | HP: 14/32 [adder (3)]
  2675 | D:3      | Reached XP level 4. HP: 14/39 MP: 5/5
  2677 | D:3      | HP: 13/39 [poisoned by an adder]
  2681 | D:3      | HP: 5/39 [poisoned by an adder]
  2682 | D:3      | Slain by an adder

Vanquished Creatures
  4 adders
  2 worms (D:2)
  A dart slug (D:1)
  3 ball pythons
  4 endoplasms
  A giant cockroach (D:1)
  2 goblins
  A hobgoblin (D:2)
  4 kobolds
  A quokka (D:1)
  4 bats (D:2)
  A rat (D:2)
28 creatures vanquished.

Vanquished Creatures (others)
  6 plants (D:1)
6 creatures vanquished.

Grand Total: 34 creatures vanquished

Table legend: (Time is in decaauts)
 A = Elapsed time spent in this place.
 B = Non-inter-level travel time spent in this place.
 C = Inter-level travel time spent in this place.
 D = Time resting spent in this place.
 E = Time spent auto-exploring this place.
 F = Levels seen in this place.
 G = Mean time per level.
                   A        B        C        D        E       F      G
               +--------+--------+--------+--------+--------+-----+--------+
         Total |   2680 |   2547 |    133 |   1058 |   1143 |   3 |  893.3 |
       Dungeon |   2680 |   2547 |    133 |   1058 |   1143 |   3 |  893.3 |
               +--------+--------+--------+--------+--------+-----+--------+

Top non-repeatable levels by time:
     D:1: 1880 daAuts
     D:2: 767 daAuts
     D:3: 32 daAuts
